Bruins vs Canadiens

Created - 20 janvier 2018 at 15:55

Goals
1 2 3 T
Bruins 0 2 1 3
Canadiens 0 0 1 1
Shots
1 2 3 T
Bruins 7 16 13 36
Canadiens 7 8 8 23

1st period

No Goal

Penalties :
Tomas Surovy (MTL) for Hooking (Minor) at 0:15, Ben Lovejoy (MTL) for Interference (Minor) at 1:29, Tomas Surovy (MTL) for High sticking (Minor) at 8:00, Alex Goligoski (BOS) for Cross-checking (Minor) at 15:07

2nd period

1. Bruins , Dale Weise 6 (Filip Forsberg 22, Dmitri Kalinin 6) at 6:44
2. Bruins , Dion Phaneuf 6 (Tyler Seguin 17, Cody Franson 14) at 10:38 (PP)

Penalties :
Carl Gunnarsson (MTL) for Cross-checking (Minor) at 4:04, Mark Stuart (MTL) for Hooking (Minor) at 10:07, Robbie Earl (MTL) for Holding (Minor) at 12:08, Tomas Surovy (MTL) for High sticking (Minor) at 15:38

3rd period

3. Bruins , Phil Kessel 14 (Dion Phaneuf 31, Tyler Seguin 18) at 11:52 (PP)
4. Canadiens , Darren Helm 11 (Joel Ward 14, Mark Borowiecki 13) at 12:22

Penalties :
Andrej Meszaros (MTL) for Boarding (Minor) at 8:39, Ben Lovejoy (MTL) for Tripping (Minor) at 10:22, Robbie Earl (MTL) for Interference (Minor) at 12:38, Tyler Seguin (BOS) for Goalie Interference (Minor) at 15:55

Goalie Stats

Tuukka Rask (BOS), 22 saves from 23 shots - (0,957), W, 24-11-7, 60:00 minutes
Louis Domingue (MTL), 33 saves from 36 shots - (0,917), L, 2-5-1, 60:00 minutes

Players Stats for Bruins

Player Name              G  A  P  +/- PIM S  H  SB GA TA FO     MP     PP MP  PK MP  
------------------------------------------------------------------------------------
Alex Goligoski           0  0  0  -1  2   4  0  2  0  0  0/0    25:26   8:00   1:13 
Brad Marchand            0  0  0   0  0   3  3  0  0  0  1/4    20:40   7:53   3:01 
Brent Burns              0  0  0   1  0   3  1  1  0  0  0/0    24:17   7:53   0:00 
Charlie Coyle            0  0  0  -1  0   2  1  0  0  0  8/11    8:21   0:00   0:00 
Cody Franson             0  1  1   0  0   1  1  0  0  0  0/0    23:03   8:52   2:11 
Dale Weise               1  0  1   1  0   1  3  0  0  0  0/1     9:11   0:00   0:00 
Dion Phaneuf             1  1  2   0  0   4  1  0  0  0  0/0    24:05   8:52   2:29 
Dmitri Kalinin           0  1  1   1  0   0  0  0  0  0  0/0    10:12   0:00   0:00 
Filip Forsberg           0  1  1   1  0   4  0  0  0  0  7/25   18:44   7:53   0:24 
Jeff Tambellini          0  0  0  -1  0   0  0  0  0  0  0/0     8:21   0:00   0:00 
John Tavares             0  0  0   1  0   3  0  0  0  0  2/2     9:11   0:00   0:00 
Kyle Turris              0  0  0   0  0   3  1  0  0  0  16/29  23:59   8:59   1:11 
Phil Kessel              1  0  1   0  0   2  0  0  0  0  0/0    20:51   8:59   0:00 
Rickard Rakell           0  0  0  -1  0   1  0  0  0  0  0/0     8:29   0:00   0:08 
Ryan McDonagh            0  0  0  -1  0   2  2  1  0  0  0/0    27:01   8:00   2:03 
Ryan O'Marra             0  0  0   0  0   0  2  0  0  0  7/13    9:46   0:00   0:00 
Scott Gomez              0  0  0   0  0   0  0  0  0  0  1/3     2:25   0:00   2:04 
Tyler Seguin             0  2  2   0  2   3  1  0  0  0  3/5    21:58   8:59   1:08 

Players Stats for Canadiens

Player Name              G  A  P  +/- PIM S  H  SB GA TA FO     MP     PP MP  PK MP  
------------------------------------------------------------------------------------
Alexander Radulov        0  0  0   1  0   0  1  0  0  0  1/1    13:42   1:49   0:00 
Andrej Meszaros          0  0  0  -1  2   1  1  4  0  0  0/0    22:30   2:02   8:17 
Andy Hilbert             0  0  0   0  0   1  0  1  0  0  6/9    12:44   0:00   6:17 
Ben Lovejoy              0  0  0   0  4   1  5  2  0  0  0/0    21:26   1:56   5:54 
Carl Gunnarsson          0  0  0   1  2   0  0  2  0  0  0/0    15:32   2:02   0:09 
Connor McDavid           0  0  0  -1  0   2  0  0  0  0  12/25  14:47   1:49   0:45 
Darren Helm              1  0  1   1  0   4  0  0  0  0  5/11   11:53   0:00   0:00 
Jack Skille              0  0  0   0  0   1  0  0  0  0  0/0     6:27   0:00   0:00 
Joel Ward                0  1  1   1  0   1  1  0  0  0  0/0    11:53   0:00   0:00 
Jonathan Ericsson        0  0  0   0  0   1  3  3  0  0  0/0    21:38   0:00   8:02 
Mark Borowiecki          0  1  1   1  0   0  6  1  0  0  0/0    15:36   0:00   2:14 
Mark Stuart              0  0  0  -1  2   2  4  4  0  0  0/0    23:13   1:56   9:06 
Pascal Dupuis            0  0  0  -1  0   2  3  1  0  0  1/1    23:56   2:09   9:34 
Rene Bourque             0  0  0   0  0   0  0  1  0  0  0/0    14:54   0:00   6:17 
Robbie Earl              0  0  0   0  4   2  4  0  0  0  0/0    10:44   2:09   0:00 
Ryan Malone              0  0  0   0  0   0  1  0  0  0  8/9     6:27   0:00   0:00 
T.J. Galiardi            0  0  0   0  0   3  0  1  0  0  15/36  20:36   2:09   9:50 
Tomas Surovy             0  0  0  -1  6   2  5  0  0  0  0/1    13:59   1:49   0:00 

3 Stars

1 - Dale Weise (BOS)
2 - Dion Phaneuf (BOS)
3 - Mark Borowiecki (MTL)

Power Play

Bruins - 2 on 10 Attempt(s) - 20,00%
Canadiens - 0 on 2 Attempt(s) - 0,00%

Penalty Kill

Bruins - 2 on 2 Attempt(s) - 100,00% - Score 0 goal in Penalty Kill
Canadiens - 8 on 10 Attempt(s) - 80,00% - Score 0 goal in Penalty Kill

Team Stat

Bruins - Hits : 16 - Faceoff Wins : 45 - Blocked Shots : 4 - Penalty Minutes : 4
Canadiens - Hits : 34 - Faceoff Wins : 48 - Blocked Shots : 20 - Penalty Minutes : 20

Official

Referees : Mike Hasenfratz and Ian Walsh
Linesman : Dave Brown and Steve Miller

Game Notes

No Game Note

Finance

Level 1 -- Attendance: 6003 (83,43%) -- Ticket Income 600 300 $
Level 2 -- Attendance: 4679 (77,43%) -- Ticket Income 280 740 $
Level 3 -- Attendance: 2188 (65,63%) -- Ticket Income 87 520 $
Level 4 -- Attendance: 3857 (76,44%) -- Ticket Income 96 425 $
Luxury Box -- Attendance: 1825 (87,53%) -- Ticket Income 365 000 $
Game was played at the Bell Centre.
Total Attendance: 18552 (78,27%)
Total Ticket Income: 1 429 985 $
Other Income: 700 693 $
Total Income: 2 130 678 $

Bruins

5 vs 5 Forward 
   Center                   Left Wing                Right Wing               Time % Phy DF OF 
 1 Kyle Turris              Phil Kessel              Tyler Seguin             37     1   2  2  
 2 Ryan O'Marra             Brent Burns              Brad Marchand            36     1   2  2  
 3 Filip Forsberg           John Tavares             Dale Weise               17     1   2  2  
 4 Charlie Coyle            Jeff Tambellini          Rickard Rakell           10     1   2  2  

5 vs 5 Defense 
   Defense                  Defense                                           Time % Phy DF OF 
 1 Alex Goligoski           Ryan McDonagh                                     40     1   2  2  
 2 Dion Phaneuf             Cody Franson                                      30     1   2  2  
 3 Dmitri Kalinin           Brent Burns                                       20     1   2  2  
 4 Dion Phaneuf             Ryan McDonagh                                     10     1   2  2  

PowerPlay Forward 
   Center                   Left Wing                Right Wing               Time % Phy DF OF 
 1 Kyle Turris              Phil Kessel              Tyler Seguin             60     1   2  2  
 2 Filip Forsberg           Brent Burns              Brad Marchand            40     1   2  2  

PowerPlay Defense
   Defense                  Defense                                           Time % Phy DF OF 
 1 Cody Franson             Dion Phaneuf                                      60     1   2  2  
 2 Ryan McDonagh            Alex Goligoski                                    40     1   2  2  

Penalty Kill 4 Players Forward 
   Center                   Wing                     Time % Phy DF OF 
 1 Tyler Seguin             Brad Marchand            60     1   2  2  
 2 Kyle Turris              Filip Forsberg           40     1   2  2  

Penalty Kill 4 Players Defense
   Defense                  Defense                  Time % Phy DF OF 
 1 Alex Goligoski           Dion Phaneuf             60     1   2  2  
 2 Ryan McDonagh            Cody Franson             40     1   2  2  

Penalty Kill - 3 Players Forward 
   Forward                                           Time % Phy DF OF 
 1 Kyle Turris                                       60     1   2  2  
 2 Tyler Seguin                                      40     1   2  2  

Penalty Kill - 3 Players Defense
   Defense                  Defense                  Time % Phy DF OF 
 1 Alex Goligoski           Cody Franson             60     1   2  2  
 2 Ryan McDonagh            Dion Phaneuf             40     1   2  2  

4 vs 4 Forward 
   Center                   Wing                     Time % Phy DF OF 
 1 Filip Forsberg           Tyler Seguin             60     1   2  2  
 2 Kyle Turris              Brad Marchand            40     1   2  2  

4 vs 4 Defense
   Defense                  Defense                  Time % Phy DF OF 
 1 Dion Phaneuf             Alex Goligoski           60     1   2  2  
 2 Ryan McDonagh            Cody Franson             40     1   2  2  

Last Minutes Offensive
   Center                   Left Wing                Right Wing               Defense                  Defense                  
   Kyle Turris              Brad Marchand            John Tavares             Brent Burns              Alex Goligoski           

Last Minutes Defensive
   Center                   Left Wing                Right Wing               Defense                  Defense                  
   Kyle Turris              Phil Kessel              Brent Burns              Ryan McDonagh            Dion Phaneuf             

Goaltenders
Starting : Tuukka Rask              
Backup : Dany Sabourin            

Extra Forwards
Normal : Kyle Turris, Tyler Seguin, Filip Forsberg - PP : Kyle Turris, Tyler Seguin - PK : Kyle Turris
Extra Defensemen
Normal : Alex Goligoski, Dion Phaneuf, Cody Franson - PP : Dion Phaneuf - PK : Cody Franson, Dion Phaneuf
Penalty Shots
Kyle Turris, Tyler Seguin, Brad Marchand, Filip Forsberg, Brent Burns
Custom OT Lines Forwards
John Tavares, Tyler Seguin, Charlie Coyle, Brent Burns, Kyle Turris, Filip Forsberg, Brad Marchand, Jeff Tambellini, Dale Weise, Rickard Rakell
Custom OT Lines Defensemen
Dmitri Kalinin, Dion Phaneuf, Brent Burns, Cody Franson, Alex Goligoski

Scratches
Travis Moen (Healthy), Tommy Cross (Healthy), Marc Cheverie (Healthy)

Canadiens

5 vs 5 Forward 
   Center                   Left Wing                Right Wing               Time % Phy DF OF 
 1 Connor McDavid           Pascal Dupuis            Tomas Surovy             35     0   3  2  
 2 Darren Helm              Joel Ward                Alexander Radulov        32     0   2  3  
 3 T.J. Galiardi            Robbie Earl              Rene Bourque             27     0   3  2  
 4 Ryan Malone              Jack Skille              Andy Hilbert             6      0   3  2  

5 vs 5 Defense 
   Defense                  Defense                                           Time % Phy DF OF 
 1 Andrej Meszaros          Mark Stuart                                       33     0   2  3  
 2 Ben Lovejoy              Jonathan Ericsson                                 33     0   3  2  
 3 Carl Gunnarsson          Mark Borowiecki                                   33     0   3  2  
 4 Andrej Meszaros          Mark Stuart                                       1      0   3  2  

PowerPlay Forward 
   Center                   Left Wing                Right Wing               Time % Phy DF OF 
 1 Connor McDavid           Alexander Radulov        Tomas Surovy             55     1   1  3  
 2 T.J. Galiardi            Pascal Dupuis            Robbie Earl              45     1   1  3  

PowerPlay Defense
   Defense                  Defense                                           Time % Phy DF OF 
 1 Andrej Meszaros          Carl Gunnarsson                                   55     1   2  2  
 2 Ben Lovejoy              Mark Stuart                                       45     1   2  2  

Penalty Kill 4 Players Forward 
   Center                   Wing                     Time % Phy DF OF 
 1 T.J. Galiardi            Pascal Dupuis            55     0   3  2  
 2 Andy Hilbert             Rene Bourque             45     0   3  2  

Penalty Kill 4 Players Defense
   Defense                  Defense                  Time % Phy DF OF 
 1 Andrej Meszaros          Mark Stuart              55     1   3  1  
 2 Ben Lovejoy              Jonathan Ericsson        45     1   3  1  

Penalty Kill - 3 Players Forward 
   Forward                                           Time % Phy DF OF 
 1 T.J. Galiardi                                     54     1   4  0  
 2 Connor McDavid                                    46     1   4  0  

Penalty Kill - 3 Players Defense
   Defense                  Defense                  Time % Phy DF OF 
 1 Andrej Meszaros          Mark Stuart              54     1   4  0  
 2 Ben Lovejoy              Jonathan Ericsson        46     1   4  0  

4 vs 4 Forward 
   Center                   Wing                     Time % Phy DF OF 
 1 Darren Helm              T.J. Galiardi            55     1   1  3  
 2 Connor McDavid           Alexander Radulov        45     1   1  3  

4 vs 4 Defense
   Defense                  Defense                  Time % Phy DF OF 
 1 Andrej Meszaros          Mark Stuart              55     1   2  2  
 2 Ben Lovejoy              Jonathan Ericsson        45     1   2  2  

Last Minutes Offensive
   Center                   Left Wing                Right Wing               Defense                  Defense                  
   Connor McDavid           Alexander Radulov        T.J. Galiardi            Andrej Meszaros          Mark Borowiecki          

Last Minutes Defensive
   Center                   Left Wing                Right Wing               Defense                  Defense                  
   T.J. Galiardi            Rene Bourque             Andy Hilbert             Mark Stuart              Andrej Meszaros          

Goaltenders
Starting : Louis Domingue           
Backup : Carey Price              

Extra Forwards
Normal : Alexander Radulov, Darren Helm, Connor McDavid - PP : Pascal Dupuis, Robbie Earl - PK : T.J. Galiardi
Extra Defensemen
Normal : Jonathan Ericsson, Mark Borowiecki, Ben Lovejoy - PP : Carl Gunnarsson - PK : Mark Borowiecki, Ben Lovejoy
Penalty Shots
Robbie Earl, Alexander Radulov, Connor McDavid, Pascal Dupuis, Darren Helm
Custom OT Lines Forwards
Darren Helm, T.J. Galiardi, Connor McDavid, Alexander Radulov, Tomas Surovy, Pascal Dupuis, Joel Ward, Robbie Earl, Ryan Malone, Andy Hilbert
Custom OT Lines Defensemen
Andrej Meszaros, Mark Stuart, Ben Lovejoy, Jonathan Ericsson, Mark Borowiecki

Scratches
Adam McQuaid (Healthy)

% Time on Ice - Bruins

Lines # - Real PCT - Wanted PCT - Time Play
Normal Forward
1 - 30% - 37% - 11:52
2 - 25% - 36% - 9:46
3 - 23% - 17% - 9:11
4 - 21% - 10% - 8:21
Normal Defense
1 - 41% - 40% - 16:14
2 - 31% - 30% - 12:00
3 - 26% - 20% - 10:12
4 - 2% - 10% - 0:44
PP Forward
1 - 53% - 60% - 8:59
2 - 47% - 40% - 7:53
PP Defense
1 - 53% - 60% - 8:52
2 - 47% - 40% - 8:00
PK Forward
1 - 90% - 60% - 3:34
2 - 10% - 40% - 0:24
PK Defense
1 - 78% - 60% - 3:06
2 - 22% - 40% - 0:52
PK3 Forward
1 - 0% - 60%
2 - 0% - 40%
PK3 Defense
1 - 0% - 60%
2 - 0% - 40%
44 Forward
1 - 0% - 60%
2 - 0% - 40%
44 Defense
1 - 0% - 60%
2 - 0% - 40%
Last Minute Offensive  - 0:00
Last Minute Defensive  - 0:00
Total
Forward - 60:00
Defense - 60:00

% Time on Ice - Canadiens

Lines # - Real PCT - Wanted PCT - Time Play
Normal Forward
1 - 31% - 35% - 12:13
2 - 30% - 32% - 11:53
3 - 22% - 27% - 8:37
4 - 16% - 6% - 6:27
Normal Defense
1 - 31% - 33% - 12:12
2 - 35% - 33% - 13:36
3 - 34% - 33% - 13:22
4 - 0% - 1% - 0:00
PP Forward
1 - 46% - 55% - 1:49
2 - 54% - 45% - 2:09
PP Defense
1 - 51% - 55% - 2:02
2 - 49% - 45% - 1:56
PK Forward
1 - 60% - 55% - 9:34
2 - 40% - 45% - 6:17
PK Defense
1 - 50% - 55% - 7:53
2 - 50% - 45% - 7:58
PK3 Forward
1 - 26% - 54% - 0:16
2 - 74% - 46% - 0:45
PK3 Defense
1 - 74% - 54% - 0:45
2 - 26% - 46% - 0:16
44 Forward
1 - 0% - 55%
2 - 0% - 45%
44 Defense
1 - 0% - 55%
2 - 0% - 45%
Last Minute Offensive  - 0:00
Last Minute Defensive  - 0:00
Total
Forward - 60:00
Defense - 60:00

Play by Play

1st period


0:01 of 1st period - Connor McDavid wins face-off versus Kyle Turris in neutral zone.
0:15 of 1st period - Minor Penalty to Tomas Surovy for Hooking.
0:16 of 1st period - Pascal Dupuis wins face-off versus Filip Forsberg in Canadiens zone.
0:16 of 1st period - Pascal Dupuis is hit by Brad Marchand.
0:36 of 1st period - Shot by Cody Franson.
0:36 of 1st period - Shot Blocked by Rene Bourque.
1:29 of 1st period - Minor Penalty to Ben Lovejoy for Interference.
1:30 of 1st period - Connor McDavid wins face-off versus Kyle Turris in Canadiens zone.
1:47 of 1st period - Shot by Connor McDavid.
1:47 of 1st period - Shot Blocked by Alex Goligoski.
2:26 of 1st period - Shot by Filip Forsberg.
2:26 of 1st period - Stopped by Louis Domingue with a rebound.
3:11 of 1st period - Shot by Kyle Turris.
3:11 of 1st period - Stopped by Louis Domingue without a rebound.
3:12 of 1st period - Andy Hilbert wins face-off versus Filip Forsberg in Canadiens zone.
3:49 of 1st period - Shot by Darren Helm.
3:49 of 1st period - Stopped by Tuukka Rask without a rebound.
3:50 of 1st period - Ryan Malone wins face-off versus Filip Forsberg in Bruins zone.
3:59 of 1st period - Shot by Andy Hilbert.
3:59 of 1st period - Stopped by Tuukka Rask without a rebound.
4:00 of 1st period - Charlie Coyle wins face-off versus Connor McDavid in Bruins zone.
5:22 of 1st period - Shot by Tyler Seguin.
5:22 of 1st period - Shot Misses the Net.
6:19 of 1st period - Shot by Brad Marchand.
6:19 of 1st period - Stopped by Louis Domingue without a rebound.
6:20 of 1st period - Charlie Coyle wins face-off versus Darren Helm in Canadiens zone.
6:33 of 1st period - Ryan McDonagh is hit by Jonathan Ericsson and loses puck.
6:42 of 1st period - Ryan McDonagh is hit by Alexander Radulov and loses puck.
7:08 of 1st period - Icing by Darren Helm.
7:09 of 1st period - Darren Helm wins face-off versus Kyle Turris in Canadiens zone.
7:22 of 1st period - Shot by Tyler Seguin.
7:22 of 1st period - Stopped by Louis Domingue without a rebound.
7:23 of 1st period - Connor McDavid wins face-off versus Dale Weise in Canadiens zone.
7:57 of 1st period - Shot by Pascal Dupuis.
7:57 of 1st period - Shot Misses the Net.
8:00 of 1st period - Minor Penalty to Tomas Surovy for High sticking.
8:01 of 1st period - Kyle Turris wins face-off versus T.J. Galiardi in Canadiens zone.
8:14 of 1st period - Shot by Phil Kessel.
8:14 of 1st period - Stopped by Louis Domingue without a rebound.
8:15 of 1st period - Andy Hilbert wins face-off versus Kyle Turris in Canadiens zone.
8:38 of 1st period - Shot by Tyler Seguin.
8:38 of 1st period - Shot Blocked by Andrej Meszaros.
8:40 of 1st period - Shot by Ryan McDonagh.
8:40 of 1st period - Stopped by Louis Domingue without a rebound.
8:41 of 1st period - Andy Hilbert wins face-off versus Filip Forsberg in Canadiens zone.
9:06 of 1st period - Shot by Dion Phaneuf.
9:06 of 1st period - Shot Misses the Net.
9:54 of 1st period - Shot by Phil Kessel.
9:54 of 1st period - Shot Blocked by Pascal Dupuis.
10:09 of 1st period - Off-side.
10:10 of 1st period - Darren Helm wins face-off versus Charlie Coyle in neutral zone.
10:13 of 1st period - Ryan McDonagh is hit by Joel Ward and loses puck.
10:29 of 1st period - Off-side.
10:30 of 1st period - Kyle Turris wins face-off versus T.J. Galiardi in neutral zone.
10:37 of 1st period - Shot by Tyler Seguin.
10:37 of 1st period - Shot Misses the Net.
10:53 of 1st period - Icing by Rene Bourque.
10:54 of 1st period - Ryan O'Marra wins face-off versus T.J. Galiardi in Canadiens zone.
10:54 of 1st period - Ryan O'Marra is hit by Ben Lovejoy.
11:13 of 1st period - Brad Marchand is hit by Jonathan Ericsson and loses puck.
11:22 of 1st period - Shot by Brent Burns.
11:22 of 1st period - Stopped by Louis Domingue without a rebound.
11:23 of 1st period - Connor McDavid wins face-off versus Tyler Seguin in Canadiens zone.
12:06 of 1st period - Shot by Pascal Dupuis.
12:06 of 1st period - Deflect By Tomas Surovy.
12:06 of 1st period - Shot Misses the Net.
13:15 of 1st period - Shot by Robbie Earl.
13:15 of 1st period - Shot Misses the Net.
13:17 of 1st period - Shot by Ben Lovejoy.
13:17 of 1st period - Shot Misses the Net.
13:19 of 1st period - Shot by Jonathan Ericsson.
13:19 of 1st period - Stopped by Tuukka Rask without a rebound.
13:20 of 1st period - Filip Forsberg wins face-off versus Ryan Malone in Bruins zone.
13:22 of 1st period - Icing by Dale Weise.
13:23 of 1st period - John Tavares wins face-off versus Connor McDavid in Bruins zone.
13:23 of 1st period - Filip Forsberg is hit by Tomas Surovy and loses puck.
13:44 of 1st period - Shot by John Tavares.
13:44 of 1st period - Shot Misses the Net.
13:49 of 1st period - Tomas Surovy is hit by Dale Weise and loses puck.
14:00 of 1st period - Shot by Connor McDavid.
14:00 of 1st period - Shot Misses the Net.
14:02 of 1st period - Shot by Mark Stuart.
14:02 of 1st period - Stopped by Tuukka Rask without a rebound.
14:03 of 1st period - Ryan O'Marra wins face-off versus Darren Helm in Bruins zone.
14:09 of 1st period - Icing by Jonathan Ericsson.
14:10 of 1st period - Darren Helm wins face-off versus Ryan O'Marra in Canadiens zone.
14:10 of 1st period - Darren Helm is hit by Ryan O'Marra.
14:45 of 1st period - Off-side.
14:46 of 1st period - Charlie Coyle wins face-off versus Connor McDavid in neutral zone.
14:48 of 1st period - Ryan McDonagh is hit by Mark Borowiecki.
14:53 of 1st period - Off-side.
14:54 of 1st period - Connor McDavid wins face-off versus Kyle Turris in neutral zone.
15:07 of 1st period - Shot by Tomas Surovy.
15:07 of 1st period - Stopped by Tuukka Rask without a rebound.
15:07 of 1st period - Minor Penalty to Alex Goligoski for Cross-checking.
15:08 of 1st period - Tyler Seguin wins face-off versus T.J. Galiardi in Bruins zone.
15:19 of 1st period - Shot by Ben Lovejoy.
15:19 of 1st period - Stopped by Tuukka Rask without a rebound.
15:20 of 1st period - Tyler Seguin wins face-off versus Connor McDavid in Bruins zone.
15:20 of 1st period - Dion Phaneuf is hit by Tomas Surovy and loses puck.
15:37 of 1st period - Shot by Carl Gunnarsson.
15:37 of 1st period - Shot Misses the Net.
16:53 of 1st period - Shot by Brad Marchand.
16:53 of 1st period - Shot Misses the Net.
17:07 of 1st period - Shot by Brad Marchand.
17:07 of 1st period - Shot Misses the Net.
17:24 of 1st period - Dmitri Kalinin is hit by Mark Borowiecki and loses puck.
17:31 of 1st period - Shot by Charlie Coyle.
17:31 of 1st period - Shot Misses the Net.
17:34 of 1st period - Icing by Carl Gunnarsson.
17:35 of 1st period - Ryan Malone wins face-off versus Filip Forsberg in Canadiens zone.
18:55 of 1st period - Alex Goligoski is hit by Ben Lovejoy and loses puck.
19:36 of 1st period - Shot by Andrej Meszaros.
19:36 of 1st period - Shot Misses the Net.
19:38 of 1st period - Shot by Mark Stuart.
19:38 of 1st period - Stopped by Tuukka Rask without a rebound.
19:39 of 1st period - T.J. Galiardi wins face-off versus Filip Forsberg in Bruins zone.
19:43 of 1st period - Icing by Brent Burns.
19:44 of 1st period - Filip Forsberg wins face-off versus Connor McDavid in Bruins zone.
19:44 of 1st period - Filip Forsberg is hit by Tomas Surovy.
Goals for this period are 0 for Bruins vs 0 for Canadiens.
Shots for this period are 7 for Bruins vs 7 for Canadiens.

2nd period


0:01 of 2nd period - Ryan O'Marra wins face-off versus Connor McDavid in neutral zone.
0:08 of 2nd period - Andrej Meszaros is hit by Brent Burns and loses puck.
0:15 of 2nd period - Shot by Alex Goligoski.
0:15 of 2nd period - Stopped by Louis Domingue without a rebound.
0:16 of 2nd period - Kyle Turris wins face-off versus T.J. Galiardi in Canadiens zone.
0:37 of 2nd period - Shot by Kyle Turris.
0:37 of 2nd period - Shot Misses the Net.
0:41 of 2nd period - Shot by Tyler Seguin.
0:41 of 2nd period - Shot Blocked by Carl Gunnarsson.
1:11 of 2nd period - Dion Phaneuf is hit by Tomas Surovy and loses puck.
1:36 of 2nd period - Shot by Tomas Surovy.
1:36 of 2nd period - Deflect By Pascal Dupuis.
1:36 of 2nd period - Shot Misses the Net.
1:44 of 2nd period - Shot by Tomas Surovy.
1:44 of 2nd period - Shot Misses the Net.
1:53 of 2nd period - Icing by Dion Phaneuf.
1:54 of 2nd period - Kyle Turris wins face-off versus Darren Helm in Bruins zone.
2:35 of 2nd period - Shot by Brad Marchand.
2:35 of 2nd period - Shot Blocked by Jonathan Ericsson.
3:07 of 2nd period - Shot by Filip Forsberg.
3:07 of 2nd period - Deflect By John Tavares.
3:07 of 2nd period - Stopped by Louis Domingue without a rebound.
3:08 of 2nd period - Connor McDavid wins face-off versus Charlie Coyle in Canadiens zone.
3:08 of 2nd period - Connor McDavid is hit by Charlie Coyle.
3:41 of 2nd period - Shot by Tomas Surovy.
3:41 of 2nd period - Stopped by Tuukka Rask without a rebound.
3:42 of 2nd period - Filip Forsberg wins face-off versus T.J. Galiardi in Bruins zone.
3:42 of 2nd period - Filip Forsberg is hit by Robbie Earl.
4:03 of 2nd period - Filip Forsberg is hit by Mark Borowiecki.
4:04 of 2nd period - Minor Penalty to Carl Gunnarsson for Cross-checking.
4:05 of 2nd period - T.J. Galiardi wins face-off versus Kyle Turris in Canadiens zone.
4:13 of 2nd period - Icing by Dion Phaneuf.
4:14 of 2nd period - Kyle Turris wins face-off versus T.J. Galiardi in Bruins zone.
4:31 of 2nd period - Shot by Kyle Turris.
4:31 of 2nd period - Stopped by Louis Domingue without a rebound.
4:32 of 2nd period - Andy Hilbert wins face-off versus Filip Forsberg in Canadiens zone.
4:44 of 2nd period - Shot by Filip Forsberg.
4:44 of 2nd period - Stopped by Louis Domingue without a rebound.
4:45 of 2nd period - T.J. Galiardi wins face-off versus Filip Forsberg in Canadiens zone.
5:04 of 2nd period - Shot by Brent Burns.
5:04 of 2nd period - Shot Blocked by Mark Stuart.
5:17 of 2nd period - Off-side.
5:18 of 2nd period - Kyle Turris wins face-off versus Andy Hilbert in neutral zone.
5:48 of 2nd period - Icing by Ryan McDonagh.
5:49 of 2nd period - Kyle Turris wins face-off versus T.J. Galiardi in Bruins zone.
5:49 of 2nd period - Kyle Turris is hit by Pascal Dupuis.
5:59 of 2nd period - Andrej Meszaros is hit by Tyler Seguin and loses puck.
6:03 of 2nd period - Mark Stuart is hit by Kyle Turris and loses puck.
6:14 of 2nd period - Shot by Brent Burns.
6:14 of 2nd period - Shot Misses the Net.
6:24 of 2nd period - Shot by Brad Marchand.
6:24 of 2nd period - Stopped by Louis Domingue without a rebound.
6:25 of 2nd period - Filip Forsberg wins face-off versus Connor McDavid in Canadiens zone.
6:38 of 2nd period - Shot by Filip Forsberg.
6:38 of 2nd period - Stopped by Louis Domingue with a rebound.
6:40 of 2nd period - Shot by Dale Weise.
6:40 of 2nd period - Shot Misses the Net.
6:42 of 2nd period - Shot by Dale Weise.
6:42 of 2nd period - Shot Misses the Net.
6:44 of 2nd period - Shot by Dale Weise.
6:44 of 2nd period - Goal by Dale Weise - Bruins : 1 - Canadiens : 0.
6:45 of 2nd period - Kyle Turris wins face-off versus T.J. Galiardi in neutral zone.
6:51 of 2nd period - Icing by Rene Bourque.
6:52 of 2nd period - Kyle Turris wins face-off versus T.J. Galiardi in Canadiens zone.
7:15 of 2nd period - Shot by T.J. Galiardi.
7:15 of 2nd period - Stopped by Tuukka Rask without a rebound.
7:16 of 2nd period - Ryan O'Marra wins face-off versus Connor McDavid in Bruins zone.
7:23 of 2nd period - Shot by Brad Marchand.
7:23 of 2nd period - Deflect By Brent Burns.
7:23 of 2nd period - Shot Blocked by Mark Borowiecki.
7:26 of 2nd period - Icing by Mark Borowiecki.
7:27 of 2nd period - Connor McDavid wins face-off versus Brad Marchand in Canadiens zone.
7:44 of 2nd period - Ryan McDonagh is hit by Pascal Dupuis.
7:48 of 2nd period - Shot by Carl Gunnarsson.
7:48 of 2nd period - Shot Blocked by Ryan McDonagh.
7:50 of 2nd period - Shot by Connor McDavid.
7:50 of 2nd period - Shot Misses the Net.
7:52 of 2nd period - Shot by Tomas Surovy.
7:52 of 2nd period - Shot Misses the Net.
7:54 of 2nd period - Shot by Pascal Dupuis.
7:54 of 2nd period - Stopped by Tuukka Rask with a rebound.
7:56 of 2nd period - Shot by Tomas Surovy.
7:56 of 2nd period - Shot Misses the Net.
8:16 of 2nd period - Mark Borowiecki is hit by Brad Marchand and loses puck.
8:51 of 2nd period - Shot by Mark Stuart.
8:51 of 2nd period - Shot Misses the Net.
8:53 of 2nd period - Shot by T.J. Galiardi.
8:53 of 2nd period - Shot Blocked by Brent Burns.
9:06 of 2nd period - Icing by Ryan McDonagh.
9:07 of 2nd period - Darren Helm wins face-off versus Ryan O'Marra in Bruins zone.
9:31 of 2nd period - Icing by Brad Marchand.
9:32 of 2nd period - Ryan Malone wins face-off versus Ryan O'Marra in Bruins zone.
9:39 of 2nd period - Shot by Jack Skille.
9:39 of 2nd period - Shot Blocked by Alex Goligoski.
9:47 of 2nd period - Alex Goligoski is hit by Ryan Malone and loses puck.
9:59 of 2nd period - Brent Burns is hit by Mark Stuart and loses puck.
10:07 of 2nd period - Minor Penalty to Mark Stuart for Hooking.
10:08 of 2nd period - Tyler Seguin wins face-off versus T.J. Galiardi in Canadiens zone.
10:21 of 2nd period - Shot by Dion Phaneuf.
10:21 of 2nd period - Stopped by Louis Domingue without a rebound.
10:22 of 2nd period - Kyle Turris wins face-off versus T.J. Galiardi in Canadiens zone.
10:36 of 2nd period - Tyler Seguin is hit by Jonathan Ericsson.
10:38 of 2nd period - Shot by Dion Phaneuf.
10:38 of 2nd period - Goal by Dion Phaneuf - Bruins : 2 - Canadiens : 0.
10:39 of 2nd period - Filip Forsberg wins face-off versus Darren Helm in neutral zone.
10:44 of 2nd period - Shot by John Tavares.
10:44 of 2nd period - Deflect By Filip Forsberg.
10:44 of 2nd period - Shot Misses the Net.
10:46 of 2nd period - Shot by Dion Phaneuf.
10:46 of 2nd period - Stopped by Louis Domingue without a rebound.
10:47 of 2nd period - Connor McDavid wins face-off versus Tyler Seguin in Canadiens zone.
12:05 of 2nd period - Shot by Darren Helm.
12:05 of 2nd period - Stopped by Tuukka Rask without a rebound.
12:06 of 2nd period - John Tavares wins face-off versus T.J. Galiardi in Bruins zone.
12:08 of 2nd period - Minor Penalty to Robbie Earl for Holding.
12:09 of 2nd period - Andy Hilbert wins face-off versus Filip Forsberg in Canadiens zone.
12:32 of 2nd period - Shot by Alex Goligoski.
12:32 of 2nd period - Stopped by Louis Domingue without a rebound.
12:33 of 2nd period - T.J. Galiardi wins face-off versus Brad Marchand in Canadiens zone.
13:02 of 2nd period - Shot by Filip Forsberg.
13:02 of 2nd period - Stopped by Louis Domingue without a rebound.
13:03 of 2nd period - Kyle Turris wins face-off versus Andy Hilbert in Canadiens zone.
13:12 of 2nd period - Shot by Tyler Seguin.
13:12 of 2nd period - Stopped by Louis Domingue without a rebound.
13:13 of 2nd period - Andy Hilbert wins face-off versus Kyle Turris in Canadiens zone.
13:26 of 2nd period - Shot by Phil Kessel.
13:26 of 2nd period - Shot Blocked by Mark Stuart.
13:28 of 2nd period - Shot by Dion Phaneuf.
13:28 of 2nd period - Shot Misses the Net.
13:42 of 2nd period - Shot by Phil Kessel.
13:42 of 2nd period - Shot Blocked by T.J. Galiardi.
14:26 of 2nd period - Shot by Joel Ward.
14:26 of 2nd period - Stopped by Tuukka Rask without a rebound.
14:27 of 2nd period - Ryan Malone wins face-off versus Filip Forsberg in Bruins zone.
15:38 of 2nd period - Minor Penalty to Tomas Surovy for High sticking.
15:39 of 2nd period - T.J. Galiardi wins face-off versus Kyle Turris in Canadiens zone.
15:54 of 2nd period - Shot by Phil Kessel.
15:54 of 2nd period - Shot Blocked by Mark Stuart.
16:06 of 2nd period - Shot by Tyler Seguin.
16:06 of 2nd period - Deflect By Phil Kessel.
16:06 of 2nd period - Shot Misses the Net.
16:08 of 2nd period - Shot by Phil Kessel.
16:08 of 2nd period - Shot Misses the Net.
16:10 of 2nd period - Shot by Kyle Turris.
16:10 of 2nd period - Shot Misses the Net.
16:12 of 2nd period - Shot by Dion Phaneuf.
16:12 of 2nd period - Deflect By Tyler Seguin.
16:12 of 2nd period - Shot Misses the Net.
16:28 of 2nd period - Shot by Alex Goligoski.
16:28 of 2nd period - Stopped by Louis Domingue without a rebound.
16:29 of 2nd period - T.J. Galiardi wins face-off versus Filip Forsberg in Canadiens zone.
16:42 of 2nd period - Shot by Pascal Dupuis.
16:42 of 2nd period - Shot Misses the Net.
17:06 of 2nd period - Shot by Brent Burns.
17:06 of 2nd period - Stopped by Louis Domingue without a rebound.
17:07 of 2nd period - T.J. Galiardi wins face-off versus Kyle Turris in Canadiens zone.
17:20 of 2nd period - Shot by Tyler Seguin.
17:20 of 2nd period - Shot Blocked by Andrej Meszaros.
17:28 of 2nd period - Shot by Pascal Dupuis.
17:28 of 2nd period - Deflect By T.J. Galiardi.
17:28 of 2nd period - Stopped by Tuukka Rask with a rebound.
17:30 of 2nd period - Shot by T.J. Galiardi.
17:30 of 2nd period - Shot Misses the Net.
18:00 of 2nd period - Shot by Joel Ward.
18:00 of 2nd period - Shot Misses the Net.
18:04 of 2nd period - Shot by Darren Helm.
18:04 of 2nd period - Stopped by Tuukka Rask without a rebound.
18:05 of 2nd period - Ryan Malone wins face-off versus Filip Forsberg in Bruins zone.
18:37 of 2nd period - John Tavares is hit by Ben Lovejoy and loses puck.
18:51 of 2nd period - John Tavares is hit by Ben Lovejoy and loses puck.
19:12 of 2nd period - Icing by Kyle Turris.
19:13 of 2nd period - Kyle Turris wins face-off versus Connor McDavid in Bruins zone.
19:15 of 2nd period - Icing by Brent Burns.
19:16 of 2nd period - Ryan O'Marra wins face-off versus Tomas Surovy in Bruins zone.
19:41 of 2nd period - Shot by Pascal Dupuis.
19:41 of 2nd period - Shot Misses the Net.
19:51 of 2nd period - Shot by Connor McDavid.
19:51 of 2nd period - Stopped by Tuukka Rask without a rebound.
19:52 of 2nd period - Charlie Coyle wins face-off versus T.J. Galiardi in Bruins zone.
19:52 of 2nd period - Charlie Coyle is hit by Robbie Earl.
19:58 of 2nd period - Shot by Alex Goligoski.
19:58 of 2nd period - Stopped by Louis Domingue without a rebound.
19:59 of 2nd period - Filip Forsberg wins face-off versus T.J. Galiardi in Canadiens zone.
19:59 of 2nd period - John Tavares is hit by Mark Borowiecki and loses puck.
Goals for this period are 2 for Bruins vs 0 for Canadiens.
Shots for this period are 16 for Bruins vs 8 for Canadiens.

3rd period


0:01 of 3rd period - Brad Marchand wins face-off versus T.J. Galiardi in neutral zone.
0:12 of 3rd period - Shot by Robbie Earl.
0:12 of 3rd period - Shot Misses the Net.
0:28 of 3rd period - Shot by T.J. Galiardi.
0:28 of 3rd period - Stopped by Tuukka Rask without a rebound.
0:29 of 3rd period - Connor McDavid wins face-off versus Kyle Turris in Bruins zone.
0:40 of 3rd period - Shot by Connor McDavid.
0:40 of 3rd period - Shot Misses the Net.
0:42 of 3rd period - Shot by Pascal Dupuis.
0:42 of 3rd period - Shot Misses the Net.
0:44 of 3rd period - Shot by Connor McDavid.
0:44 of 3rd period - Stopped by Tuukka Rask without a rebound.
0:45 of 3rd period - Darren Helm wins face-off versus Filip Forsberg in Bruins zone.
1:06 of 3rd period - Shot by John Tavares.
1:06 of 3rd period - Stopped by Louis Domingue without a rebound.
1:07 of 3rd period - Ryan O'Marra wins face-off versus T.J. Galiardi in Canadiens zone.
1:14 of 3rd period - Shot by Brad Marchand.
1:14 of 3rd period - Shot Misses the Net.
1:17 of 3rd period - Brent Burns is hit by Mark Stuart and loses puck.
1:28 of 3rd period - Shot by Brent Burns.
1:28 of 3rd period - Stopped by Louis Domingue without a rebound.
1:29 of 3rd period - Kyle Turris wins face-off versus Connor McDavid in Canadiens zone.
1:29 of 3rd period - Kyle Turris is hit by Mark Borowiecki.
1:52 of 3rd period - Connor McDavid is hit by Ryan McDonagh and loses puck.
2:40 of 3rd period - Shot by Alexander Radulov.
2:40 of 3rd period - Shot Misses the Net.
2:42 of 3rd period - Shot by Joel Ward.
2:42 of 3rd period - Shot Misses the Net.
2:44 of 3rd period - Shot by Darren Helm.
2:44 of 3rd period - Shot Misses the Net.
3:13 of 3rd period - Shot by T.J. Galiardi.
3:13 of 3rd period - Deflect By Robbie Earl.
3:13 of 3rd period - Shot Hit the Post.
3:22 of 3rd period - Off-side.
3:23 of 3rd period - Ryan Malone wins face-off versus Ryan O'Marra in neutral zone.
3:45 of 3rd period - Andy Hilbert is hit by Ryan O'Marra and loses puck.
3:56 of 3rd period - Icing by Mark Borowiecki.
3:57 of 3rd period - Ryan Malone wins face-off versus Filip Forsberg in Canadiens zone.
3:57 of 3rd period - Carl Gunnarsson is hit by Dale Weise and loses puck.
4:37 of 3rd period - Shot by John Tavares.
4:37 of 3rd period - Stopped by Louis Domingue without a rebound.
4:38 of 3rd period - Charlie Coyle wins face-off versus Connor McDavid in Canadiens zone.
4:43 of 3rd period - Shot by Rickard Rakell.
4:43 of 3rd period - Stopped by Louis Domingue without a rebound.
4:44 of 3rd period - Charlie Coyle wins face-off versus T.J. Galiardi in Canadiens zone.
4:50 of 3rd period - Rickard Rakell is hit by Mark Stuart and loses puck.
4:57 of 3rd period - Dion Phaneuf is hit by Robbie Earl and loses puck.
5:06 of 3rd period - Shot by Robbie Earl.
5:06 of 3rd period - Shot Misses the Net.
5:08 of 3rd period - Shot by Rene Bourque.
5:08 of 3rd period - Shot Misses the Net.
5:53 of 3rd period - Ryan McDonagh is hit by Pascal Dupuis and loses puck.
6:27 of 3rd period - Icing by Connor McDavid.
6:28 of 3rd period - Connor McDavid wins face-off versus Ryan O'Marra in Canadiens zone.
6:52 of 3rd period - Brad Marchand is hit by Mark Borowiecki and loses puck.
7:03 of 3rd period - Shot by Brad Marchand.
7:03 of 3rd period - Shot Blocked by Carl Gunnarsson.
7:06 of 3rd period - Icing by Carl Gunnarsson.
7:07 of 3rd period - Charlie Coyle wins face-off versus Darren Helm in Canadiens zone.
7:27 of 3rd period - Alexander Radulov is hit by Cody Franson and loses puck.
7:38 of 3rd period - Shot by Charlie Coyle.
7:38 of 3rd period - Stopped by Louis Domingue without a rebound.
7:39 of 3rd period - T.J. Galiardi wins face-off versus Filip Forsberg in Canadiens zone.
7:54 of 3rd period - Shot by Robbie Earl.
7:54 of 3rd period - Stopped by Tuukka Rask without a rebound.
7:55 of 3rd period - Ryan O'Marra wins face-off versus Connor McDavid in Bruins zone.
7:55 of 3rd period - Ryan O'Marra is hit by Tomas Surovy.
8:02 of 3rd period - Kyle Turris is hit by Ben Lovejoy and loses puck.
8:05 of 3rd period - Shot by Dmitri Kalinin.
8:05 of 3rd period - Shot Misses the Net.
8:07 of 3rd period - Shot by Dmitri Kalinin.
8:07 of 3rd period - Shot Blocked by Ben Lovejoy.
8:09 of 3rd period - Shot by Kyle Turris.
8:09 of 3rd period - Stopped by Louis Domingue without a rebound.
8:10 of 3rd period - T.J. Galiardi wins face-off versus Filip Forsberg in Canadiens zone.
8:10 of 3rd period - T.J. Galiardi is hit by Dale Weise.
8:15 of 3rd period - Mark Stuart is hit by Ryan McDonagh and loses puck.
8:27 of 3rd period - John Tavares is hit by Mark Stuart and loses puck.
8:39 of 3rd period - Minor Penalty to Andrej Meszaros for Boarding.
8:40 of 3rd period - T.J. Galiardi wins face-off versus Kyle Turris in Canadiens zone.
8:55 of 3rd period - Shot by Phil Kessel.
8:55 of 3rd period - Shot Blocked by Jonathan Ericsson.
8:57 of 3rd period - Shot by Phil Kessel.
8:57 of 3rd period - Shot Blocked by Ben Lovejoy.
8:59 of 3rd period - Shot by Dion Phaneuf.
8:59 of 3rd period - Shot Misses the Net.
10:07 of 3rd period - Shot by Filip Forsberg.
10:07 of 3rd period - Shot Misses the Net.
10:09 of 3rd period - Shot by Alex Goligoski.
10:09 of 3rd period - Deflect By Filip Forsberg.
10:09 of 3rd period - Shot Blocked by Andy Hilbert.
10:11 of 3rd period - Shot by Ryan McDonagh.
10:11 of 3rd period - Stopped by Louis Domingue without a rebound.
10:12 of 3rd period - T.J. Galiardi wins face-off versus Brad Marchand in Canadiens zone.
10:22 of 3rd period - Minor Penalty to Ben Lovejoy for Tripping.
10:23 of 3rd period - Kyle Turris wins face-off versus T.J. Galiardi in Canadiens zone.
10:28 of 3rd period - Shot by Dion Phaneuf.
10:28 of 3rd period - Shot Misses the Net.
10:39 of 3rd period - Kyle Turris is hit by Andrej Meszaros and loses puck.
10:44 of 3rd period - Shot by Tyler Seguin.
10:44 of 3rd period - Shot Blocked by Jonathan Ericsson.
10:46 of 3rd period - Shot by Dion Phaneuf.
10:46 of 3rd period - Shot Hit the Post.
10:48 of 3rd period - Shot by Phil Kessel.
10:48 of 3rd period - Shot Misses the Net.
10:50 of 3rd period - Shot by Cody Franson.
10:50 of 3rd period - Stopped by Louis Domingue without a rebound.
10:51 of 3rd period - T.J. Galiardi wins face-off versus Filip Forsberg in Canadiens zone.
11:26 of 3rd period - Shot by Brad Marchand.
11:26 of 3rd period - Stopped by Louis Domingue without a rebound.
11:27 of 3rd period - Kyle Turris wins face-off versus Andy Hilbert in Canadiens zone.
11:40 of 3rd period - Shot by Phil Kessel.
11:40 of 3rd period - Deflect By Tyler Seguin.
11:40 of 3rd period - Shot Misses the Net.
11:42 of 3rd period - Shot by Kyle Turris.
11:42 of 3rd period - Shot Misses the Net.
11:44 of 3rd period - Shot by Kyle Turris.
11:44 of 3rd period - Shot Misses the Net.
11:46 of 3rd period - Shot by Cody Franson.
11:46 of 3rd period - Shot Misses the Net.
11:48 of 3rd period - Shot by Tyler Seguin.
11:48 of 3rd period - Shot Blocked by Andrej Meszaros.
11:50 of 3rd period - Shot by Dion Phaneuf.
11:50 of 3rd period - Shot Blocked by Mark Stuart.
11:52 of 3rd period - Shot by Phil Kessel.
11:52 of 3rd period - Goal by Phil Kessel - Bruins : 3 - Canadiens : 0.
11:53 of 3rd period - Charlie Coyle wins face-off versus Darren Helm in neutral zone.
12:06 of 3rd period - Shot by Rickard Rakell.
12:06 of 3rd period - Shot Misses the Net.
12:22 of 3rd period - Shot by Darren Helm.
12:22 of 3rd period - Goal by Darren Helm - Bruins : 3 - Canadiens : 1.
12:23 of 3rd period - Connor McDavid wins face-off versus Ryan O'Marra in neutral zone.
12:36 of 3rd period - Shot by Pascal Dupuis.
12:36 of 3rd period - Stopped by Tuukka Rask without a rebound.
12:37 of 3rd period - Filip Forsberg wins face-off versus T.J. Galiardi in Bruins zone.
12:37 of 3rd period - Filip Forsberg is hit by Robbie Earl.
12:38 of 3rd period - Minor Penalty to Robbie Earl for Interference.
12:39 of 3rd period - T.J. Galiardi wins face-off versus Kyle Turris in Canadiens zone.
13:50 of 3rd period - Icing by Ryan McDonagh.
13:51 of 3rd period - T.J. Galiardi wins face-off versus Filip Forsberg in Bruins zone.
15:05 of 3rd period - Shot by Rickard Rakell.
15:05 of 3rd period - Deflect By Charlie Coyle.
15:05 of 3rd period - Stopped by Louis Domingue without a rebound.
15:06 of 3rd period - Ryan Malone wins face-off versus Kyle Turris in Canadiens zone.
15:23 of 3rd period - Shot by Jack Skille.
15:23 of 3rd period - Stopped by Tuukka Rask with a rebound.
15:55 of 3rd period - Minor Penalty to Tyler Seguin for Goalie Interference.
15:56 of 3rd period - Scott Gomez wins face-off versus Connor McDavid in Bruins zone.
16:09 of 3rd period - Shot by Dion Phaneuf.
16:09 of 3rd period - Shot Blocked by Andrej Meszaros.
16:11 of 3rd period - Shot by Dion Phaneuf.
16:11 of 3rd period - Stopped by Louis Domingue without a rebound.
16:12 of 3rd period - T.J. Galiardi wins face-off versus Scott Gomez in Canadiens zone.
16:12 of 3rd period - T.J. Galiardi is hit by Brad Marchand.
16:32 of 3rd period - Shot by Pascal Dupuis.
16:32 of 3rd period - Deflect By Robbie Earl.
16:32 of 3rd period - Stopped by Tuukka Rask without a rebound.
16:33 of 3rd period - Alexander Radulov wins face-off versus Scott Gomez in Bruins zone.
17:11 of 3rd period - Connor McDavid is hit by Dion Phaneuf.
17:13 of 3rd period - Shot by Ben Lovejoy.
17:13 of 3rd period - Shot Misses the Net.
17:29 of 3rd period - Shot by Andrej Meszaros.
17:29 of 3rd period - Stopped by Tuukka Rask without a rebound.
17:30 of 3rd period - Kyle Turris wins face-off versus T.J. Galiardi in Bruins zone.
19:17 of 3rd period - Shot by Darren Helm.
19:17 of 3rd period - Shot Misses the Net.
19:42 of 3rd period - Shot by Tyler Seguin.
19:42 of 3rd period - Stopped by Louis Domingue without a rebound.
19:43 of 3rd period - Connor McDavid wins face-off versus Charlie Coyle in Canadiens zone.
Goals for this period are 1 for Bruins vs 1 for Canadiens.
Shots for this period are 13 for Bruins vs 8 for Canadiens.